 Dungeon Crawl Stone Soup version 0.29-a0-559-g359e09b9d1 (webtiles) character file.

Game seed: 8817299452212902446

30 Nedwor the Ruffian (level 3, 29/33 HPs)
             Began as a Ghoul Monk on June 10, 2022.
             Quit the game on level 2 of the Dungeon.
             The game lasted 00:01:07 (1105 turns).

Nedwor the Ruffian (Ghoul Monk)                     Turns: 1105, Time: 00:01:08

Health: 29/33      AC:  3    Str: 14    XL:     3   Next: 20%
Magic:  2/2        EV: 13    Int:  5    God:
Gold:   21         SH:  0    Dex: 13    Spells: 2/2 levels left

rFire   . . .      SeeInvis .     - Unarmed
rCold   + . .      Faith    .   (no shield)
rNeg    + + +      Spirit   .   a - +0 robe
rPois   ∞          Reflect  .   (no helmet)
rElec   .          Harm     .   i - +0 cloak
rCorr   .          Rampage  .   (no gloves)
Will    .....                   (no boots)
Stlth   ++........              (no amulet)
HPRegen 0.00/turn               (no ring)
MPRegen 0.08/turn               (no ring)

@: inhibited regen
A: claws 1, cold resistance 1, negative energy resistance 3, inhibited
regeneration, torment resistance 2, devour on kill
a: no special abilities


You were on level 2 of the Dungeon.
You visited 1 branch of the dungeon, and saw 2 of its levels.

You collected 21 gold pieces.

Inventory:

Armour
 a - a +0 robe (worn)
 i - a +0 cloak (worn)
Scrolls
 c - a scroll of identify {unknown}
 d - 2 scrolls of teleportation {unknown}
 f - 4 scrolls of amnesia {unknown}
 j - a scroll of summoning {unknown}
 l - a scroll of torment {unknown}
 m - a scroll of immolation {unknown}
Potions
 b - a potion of ambrosia
 e - a potion of magic {unknown}
 g - a potion of brilliance {unknown}
 h - a potion of haste {unknown}
 k - a potion of flight {unknown}


   Skills:
 + Level 3.7 Fighting
 + Level 0.6 Armour
 + Level 3.1 Dodging
 - Level 2.1 Stealth
 + Level 3.7 Unarmed Combat


You had 2 spell levels left.
You didn't know any spells.
Your spell library was empty.

Dungeon Overview and Level Annotations

Branches:
Dungeon (2/15)

Altars:


Innate Abilities, Weirdness & Mutations

You are immune to poison.
You have sharp fingernails.
Your flesh is cold resistant. (rC+)
You are immune to negative energy. (rN+++)
You do not regenerate when monsters are visible.
You are immune to unholy pain and torment.
You thrive by killing the living.


Message History

You barely miss the dart slug. The dart slug launches a dart at you.
The slug dart misses you.
The adder hisses angrily.
You claw the dart slug!
You kill the dart slug!
You claw the adder!
The adder is heavily wounded.
The adder bites you.
You barely miss the adder.
The adder is heavily wounded.
The adder bites you.
You scratch the adder.
You kill the adder!
The frilled lizard bites you.
You have reached level 3!
Your experience leads to an increase in your attributes!
Increase (S)trength, (I)ntelligence, or (D)exterity?
You feel agile. x2
You scratch the frilled lizard.
You kill the frilled lizard!
You feel better.
m - a scroll labelled CUCZYXZENAN A worm comes into view.
An adder comes into view.
You see here a staff of air.
You scratch the worm.
The worm is heavily wounded.
The worm barely misses you.
You scratch the worm.
The worm is heavily wounded.
You scratch the worm.
The worm is heavily wounded.
The worm completely misses you.
You barely miss the worm.
The worm is heavily wounded.
The worm barely misses you.
You scratch the worm but do no damage.
The worm is heavily wounded.
Are you sure you want to abandon this character and quit the game? (Confirm with "yes".)

.# .. .. .# .# S#
##w# #@.#
######### #.##
......... #.#
#........
##|#####........
#.......<.......
##...............
#.>.....†........
###.#####....)..(
#.# #####....


You could see a worm and an adder.

Vanquished Creatures
  An adder (D:2)
  A dart slug (D:2)
  2 ball pythons (D:1)
  4 endoplasms (D:1)
  A giant cockroach (D:1)
  2 goblins (D:1)
  A hobgoblin (D:1)
  A quokka (D:1)
  A bat (D:1)
  A frilled lizard (D:2)
  A kobold (D:1)
  2 rats (D:1)
18 creatures vanquished.

Notes
Turn   | Place    | Note
-------+----------+-------------------------------------------
     0 | D:1      | Nedwor the Ghoul Monk began the quest for the Orb.
     0 | D:1      | Reached XP level 1. HP: 19/19 MP: 0/0
   384 | D:1      | Reached XP level 2. HP: 26/26 MP: 1/1
  1087 | D:2      | Reached XP level 3. HP: 25/33 MP: 2/2
  1105 | D:2      | Quit the game

Illustrated notes

Levels and vault maps discovered:
D:1:      mrwooster_arrival_statue_3, layout_loops_ring
D:2:      layout_basic, shapermc_ecumenical_altar_notcrosses,
          serial_bayou_pond_d, dreamdust_princess_bridge,
          minmay_fractal_squares_gapless_5

Skill      XL: |  1  2 |
---------------+-------+-----
Dodging        | 3 |  3.1
Fighting       | |  3.7
Armour         | |  0.6
Stealth        | |  2.1
Unarmed Combat | |  3.7

Action                   || total
-------------------------++-------
Melee: Unarmed           ||    64
       Punch             ||     1
 Stab: Sleeping          ||     4
Armor: Robe              ||     6
Dodge: Dodged            ||    24

Table legend: (Time is in decaauts)
 A = Elapsed time spent in this place.
 B = Non-inter-level travel time spent in this place.
 C = Inter-level travel time spent in this place.
 D = Time resting spent in this place.
 E = Time spent auto-exploring this place.
 F = Levels seen in this place.
 G = Mean time per level.
                   A        B        C        D        E       F      G
               +--------+--------+--------+--------+--------+-----+--------+
         Total |   1101 |   1047 |     54 |    201 |    687 |   2 |  550.5 |
       Dungeon |   1101 |   1047 |     54 |    201 |    687 |   2 |  550.5 |
               +--------+--------+--------+--------+--------+-----+--------+

Top non-repeatable levels by time:
     D:1: 1076 daAuts
     D:2: 24 daAuts
